 Dungeon Crawl Stone Soup version 0.28.0 (webtiles) character file.

Game seed: 12949955669789867070

13 issech the Cudgeller (level 2, -11/29 HPs)
             Began as a Troll Monk on Feb 13, 2022.
             Mangled by a kobold (18 damage)
             ... on level 1 of the Dungeon.
             The game lasted 00:00:46 (161 turns).

issech the Cudgeller (Troll Monk)                    Turns: 161, Time: 00:00:47

Health: -11/29     AC:  4    Str: 18    XL:     2   Next: 24%
Magic:  1/1        EV: 10    Int:  6    God:
Gold:   0          SH:  0    Dex: 12    Spells: 1/1 levels left

rFire   . . .      SeeInvis .   a - +0 mace
rCold   . . .      Faith    .   (no shield)
rNeg    . . .      Spirit   .   b - +0 robe
rPois   .          Reflect  .   (helmet restricted)
rElec   .          Harm     .   (no cloak)
rCorr   .          Rampage  .   (gloves unavailable)
Will    .....                   (boots unavailable)
Stlth   ++........              (no amulet)
HPRegen 0.89/turn               (no ring)
MPRegen 0.07/turn               (no ring)

@: no status effects
A: large, unfitting armour, claws 3, regeneration 1, shaggy fur 1, tough skin 1
a: no special abilities


You were on level 1 of the Dungeon.
You visited 1 branch of the dungeon, and saw 1 of its levels.

Inventory:

Hand Weapons
 a - a +0 mace (weapon)
Missiles
 c - a stone (quivered)
Armour
 b - a +0 robe (worn)


   Skills:
 + Level 2.4 Fighting
 + Level 3.0 Maces & Flails
 + Level 2.8 Dodging
 + Level 1.0 Stealth


You had one spell level left.
You didn't know any spells.
Your spell library was empty.

Dungeon Overview and Level Annotations

Branches:
Dungeon (1/15)

Altars:


Innate Abilities, Weirdness & Mutations

You are too large for most types of armour.
You have claws for hands.
Your natural rate of healing is unusually fast.
You are covered in fur. (AC +1)
You have tough skin. (AC +1)


Message History

The rat bites you but does no damage. x2; The rat bites you.
You hit the rat.
You kill the rat!
The bat completely misses you. The rat closely misses you.
The kobold shouts!
The bat closely misses you. The bat misses you. The rat barely misses you.
You closely miss the bat. The bat barely misses you.
The rat closely misses you.
A jackal comes into view.
Found a falchion.
The jackal barks!
The bat closely misses you. The rat closely misses you.
You closely miss the jackal. The kobold completely misses you.
The jackal bites you but does no damage.
The rat completely misses you.
The kobold hits you with a +2 short sword of electrocution.
You hit the rat.
You kill the rat!
The jackal bites you but does no damage.
The jackal barely misses you.
The kobold hits you with a +2 short sword of electrocution.
You see here a rat corpse.
A jackal comes into view.
The jackal closely misses you.
You closely miss the jackal. The jackal barely misses you.
The jackal bites you but does no damage.
You sock the jackal!
You kill the jackal!
Your Maces & Flails skill increases to level 3!
You barely miss the kobold.
The kobold hits you with a +2 short sword of electrocution.
You are electrocuted!
Ouch! That really hurt!
* * * LOW HITPOINT WARNING * * *
The kobold hits you but does no damage.
You miss the kobold. The kobold closely misses you.
You hit the kobold but do no damage. The kobold hits you but does no damage.
You are electrocuted!!
Ouch! That really hurt!
You die...

.######## #...#
........###...##.#
.................#
########.##...####
#.##.......
##.##..#####
####...#..#
#.........#
#.##.@.#.## #
##K##... #b# ###
..)....h#
.........
.......#.. .......
.## .#####. ## #.


You could see a jackal, a bat and a kobold.

Vanquished Creatures
  3 bats (D:1)
  3 jackals (D:1)
  A kobold (D:1)
  2 ball pythons (D:1)
  A goblin (D:1)
  2 rats (D:1)
12 creatures vanquished.

Notes
Turn   | Place    | Note
-------+----------+-------------------------------------------
     0 | D:1      | issech the Troll Monk began the quest for the Orb.
     0 | D:1      | Reached XP level 1. HP: 22/22 MP: 0/0
   102 | D:1      | Reached XP level 2. HP: 28/29 MP: 1/1
   159 | D:1      | Reached skill level 3 in Maces & Flails
   161 | D:1      | Mangled by a kobold

Illustrated notes

Levels and vault maps discovered:
D:1:      beargit_arrival_diablo_church, layout_loops_ring,
          hellmonk_ecumenical_altar_blasted, minmay_tromino_v4_a

Skill      XL: |  1  2 |
---------------+-------+-----
Maces & Flails | 3 |  3.0
Fighting       | |  2.4
Dodging        | |  2.8
Stealth        | |  1.0

Action                   || total
-------------------------++-------
Melee: Mace              ||    57
Armor: Robe              ||    58
Dodge: Dodged            ||    57
